 Dungeon Crawl Stone Soup version 0.18.1-48-g4cf74bf (webtiles) character file.

119 sveltemanboy the Chiller (level 4, -12/28 HPs)
             Began as a High Elf Ice Elementalist on Aug 24, 2016.
             Was an Initiate of Ashenzari.
             Killed from afar by Galewind's ghost (16 damage)
             ... with an orb of energy
             ... on level 3 of the Dungeon.
             The game lasted 00:10:10 (2856 turns).

sveltemanboy the Chiller (HEIE)                     Turns: 2856, Time: 00:10:10

Health: -12/28     AC: 11    Str:  8    XL:     4   Next: 73%
Magic:  2/8        EV: 12    Int: 18    God:    Ashenzari [......]
Gold:   108        SH:  0    Dex: 16    Spells: 3 memorised, 1 level left

rFire  + . .     SeeInvis .     f - +1 dagger (venom)
rCold  . . .     Gourm    .     a - +3 leather armour {rF+}
rNeg   . . .     Faith    .     (no shield)
rPois  .         Spirit   .     (no helmet)
rElec  .         Dismiss  +     (no cloak)
rCorr  .         Reflect  .     (no gloves)
SustAt .         Harm     .     (no boots)
MR     .....                    e - amulet of dismissal
Stlth  ++........               (no ring)
                                (no ring)

@: icy armour, very slightly contaminated, slow, not resistant to hostile
enchantments, unstealthy
A: no striking features
a: Curse Item, Renounce Religion


You were on level 3 of the Dungeon.
You worshipped Ashenzari.
Ashenzari was noncommittal.
You were not hungry.

You visited 1 branch of the dungeon, and saw 3 of its levels.

You collected 108 gold pieces.

Inventory:

Hand Weapons
 f - a +1 dagger of venom (weapon)
 i - a +0 falchion
Armour
 a - a +3 leather armour of fire resistance (worn)
Jewellery
 e - an amulet of dismissal (around neck)
Potions
 g - a potion of brilliance
 j - 2 potions of agility {unknown}
 m - a potion of cancellation
Books
 b - a book of Frost

   Spells                             Type                      Level
   a - Freeze                         Ice                          1
   b - Throw Frost                    Conjuration/Ice              2
   c - Ozocubu's Armour               Charms/Ice                   3
   d - Throw Icicle                   Conjuration/Ice              4
   e - Summon Ice Beast               Ice/Summoning                4
Comestibles
 c - 3 bread rations
 h - a chunk of flesh
 k - a beef jerky
 l - a slice of pizza


   Skills:
 - Level 1.0 Fighting
 + Level 2.2 Long Blades
 - Level 1.0 Armour
 - Level 2.2 Dodging
 - Level 2.1 Stealth
 - Level 2.4 Spellcasting
 - Level 1.1 Conjurations
 * Level 4.6 Ice Magic


You had one spell level left.
You knew the following spells:

 Your Spells              Type           Power        Failure   Level  Hunger
a - Freeze                Ice            ###.         4%          1    #......
b - Throw Frost           Conj/Ice       ##....       14%         2    ##.....
c - Ozocubu's Armour      Chrm/Ice       ##......     34%         3    ###....


Dungeon Overview and Level Annotations

Branches:
Dungeon (3/15)

Altars:
Ashenzari
Okawaru
Pakellas

Annotations:
D:3 Galewind's ghost, amateur DECj


Message History

The rat dies!
The orb of energy explodes!
The mystic blast hits you!
Ouch! That really hurt!
You hear a shout!
Read which item? (? for menu, Esc to quit)
Okay, then.
Read which item? (? for menu, Esc to quit)
As you read the scroll labeled ZEIKAB UREECU, it crumbles to dust.
You hear a loud clanging noise!
It was a scroll of noise.
You hear a shout! x3
Galewind's ghost points at you and mumbles some strange words.
The magic dart hits you! Galewind's ghost casts a spell at you.
The orb of energy hits you!
* * * LOW HITPOINT WARNING * * *
Galewind's ghost points at you and mumbles some strange words.
The orb of energy hits you!
Ouch! That really hurt!
You die...

##..#..##..##....[.###
##..#...#.#####).##
##.###.......#..##
#.#####...#.....####
#..## #.#.##.......#
##.)# #.#.#...###...
##.# #.#.#..## ####
#.# #.#...(# #@#
#.#....# ##.# #.#:<#.#
.### #..# #.#..#.#
.... ####W####......#
#..#....##...###..#
#...#####.#..# #.#
#.......##..##.# #.##
....#...#.....##.#
#..# ###
###.#........###..#
####


You could see Galewind's ghost.

Vanquished Creatures
  Ijyb (D:3)
  4 adders
  2 dart slugs (D:1)
  2 giant geckos (D:1)
  An orc (D:2)
  4 giant cockroaches
  10 goblins
  5 hobgoblins
  2 ball pythons
  7 bats
  A giant newt (D:1)
  6 kobolds
  5 rats
50 creatures vanquished.

Vanquished Creatures (others)
  A wasp (D:3)
  A rat (D:3)
2 creatures vanquished.

Grand Total: 52 creatures vanquished

Notes
Turn   | Place    | Note
--------------------------------------------------------------
     0 | D:1      | sveltemanboy the High Elf Ice Elementalist began the quest for the Orb.
     0 | D:1      | Reached XP level 1. HP: 11/11 MP: 4/4
   276 | D:1      | Reached XP level 2. HP: 17/17 MP: 1/6
   282 | D:1      | Learned a level 2 spell: Throw Frost
   370 | D:1      | Found an iron altar of Okawaru.
   478 | D:1      | Reached skill level 1 in Armour
  1127 | D:1      | Reached XP level 3. HP: 21/21 MP: 4/7
  1313 | D:2      | Found a shattered altar of Ashenzari.
  1321 | D:2      | Became a worshipper of Ashenzari the Shackled
  1494 | D:2      | Reached skill level 1 in Long Blades
  1612 | D:2      | Reached skill level 4 in Ice Magic
  1677 | D:2      | Learned a level 3 spell: Ozocubu's Armour
  1979 | D:2      | HP: 1/22 [orc/hand axe (2)]
  2370 | D:2      | Reached skill level 1 in Fighting
  2370 | D:2      | Reached XP level 4. HP: 28/28 MP: 6/8
  2405 | D:3      | Noticed Galewind's ghost (amateur DECj)
  2592 | D:3      | Noticed Ijyb
  2605 | D:3      | Killed Ijyb
  2698 | D:3      | Found an oddly glowing altar of Pakellas.
  2698 | D:3      | Noticed an orange crystal statue
  2699 | D:3      | Noticed a wasp
  2725 | D:3      | Killed a wasp
  2856 | D:3      | Killed from afar by Galewind's ghost

Skill      XL: |  1  2  3  4 |
---------------+-------------+-----
Armour         | 1 |  1.0
Long Blades    | 1 2 |  2.2
Ice Magic      | 4 |  4.6
Fighting       | 1 |  1.0
Dodging        | |  2.2
Stealth        | |  2.1
Spellcasting   | |  2.4
Conjurations   | |  1.1

Action                   |  1- 3 |  4- 6 || total
-------------------------+-------+-------++-------
Melee: Short sword       |    52 |       ||    52
       Dagger            |     4 |    13 ||    17
 Cast: Freeze            |    21 |     1 ||    22
       Throw Frost       |    35 |    12 ||    47
       Ozocubu's Armour  |       |     1 ||     1
  Use: Potion            |     5 |       ||     5
       Scroll            |     3 |     1 ||     4
 Stab: Sleeping          |     1 |       ||     1
  Eat: Chunk             |     6 |     3 ||     9
Armor: Robe              |     4 |       ||     4
       Leather armour    |    10 |     3 ||    13
Dodge: Dodged            |    44 |    12 ||    56
